 Dungeon Crawl Stone Soup version 0.32-a0-673-g3729bd50f8 (webtiles) character file.

Game seed: 9974034167003192105

7938 funkygono the Thaumaturge (level 11, -8/55 HPs)
             Began as a Deep Elf Fire Elementalist on Mar 10, 2024.
             Was a Believer of Sif Muna.
             Shot with an arrow by an orc warrior (11 damage)
             ... on level 9 of the Dungeon.
             The game lasted 00:21:12 (10061 turns).

funkygono the Thaumaturge (DEFE)                   Turns: 10061, Time: 00:21:14

Health: -8/55      AC:  5    Str:  5    XL:     11   Next: 3%
Magic:  31/40      EV: 14    Int: 25    God:    Sif Muna [**....]
Gold:   863        SH:  0    Dex: 15    Spells: 28/39 levels left

rFire   . . .        F - +1 dagger (holy)
rCold   . . .        (no shield)
rNeg    . . .        a - +0 robe
rPois   .            (no helmet)
rElec   .            o - +2 cloak
rCorr   +            (no gloves)
SInv    .            (no boots)
Will    +....        (no amulet)
Stlth   ++           x - ring of resist corrosion
HPRegen 0.29/turn    c - ring of magical power
MPRegen 0.27/turn

%: no passive effects
@: no status effects
A: no striking features
a: Renounce Religion, Channel Magic


You were on level 9 of the Dungeon.
You worshipped Sif Muna.
Sif Muna was pleased with you.
You visited 2 branches of the dungeon, and saw 10 of its levels.
You also visited: Ossuary and Bailey.

You collected 863 gold pieces.

Inventory:

Hand Weapons
 F - a +1 dagger of holy wrath (weapon)
 I - a +1 short sword of venom
 K - a +2 short sword of freezing
Armour
 a - a +0 robe (worn)
 o - a +2 cloak (worn)
 T - the +0 robe of the Good {^Drain rElec Int-2 Slay+4 Stlth+}
   (You took it off a kobold in a bailey)

   Int-2:     It affects your intelligence (-2).
   Slay+4:    It affects your accuracy & damage with ranged weapons and melee
   (+4).
   rElec:     It insulates you from electricity.
   ^Drain:    It drains your maximum health when unequipped.
   Stlth+:    It makes you more stealthy.
Magical Staves
 Q - a staff of air
Jewellery
 c - a ring of magical power (right hand)
 x - a ring of resist corrosion (left hand)
 E - an amulet of faith
 G - a ring of ice
 J - a ring of fire
 O - a +4 ring of protection
Talismans
 s - the maw talisman of Supple Strength {rElec rN+ Dex-4 Stlth+}
   (You found it on level 3 of the Dungeon)

   [maw talisman]

   Dex-4:     It affects your dexterity (-4).
   rElec:     It insulates you from electricity.
   rN+:       It protects you from negative energy.
   Stlth+:    It makes you more stealthy.
 M - a flux talisman
Wands
 m - a wand of warping (16)
 u - a wand of polymorph (1)
 w - a wand of mindburst (19)
 B - a wand of light (13)
 V - a wand of flame (5)
Scrolls
 d - 3 scrolls of noise {unknown}
 g - 3 scrolls of fear {unknown}
 k - 5 scrolls of teleportation
 l - a scroll of torment {unknown}
 n - 4 scrolls of vulnerability {unknown}
 p - 2 scrolls of enchant armour {unknown}
 t - 2 scrolls of poison {unknown}
 y - 4 scrolls of fog {unknown}
 z - 2 scrolls of blinking {unknown}
 C - a scroll of amnesia {unknown}
 L - a scroll of enchant weapon {unknown}
 N - 4 scrolls of identify
Potions
 b - 2 potions of brilliance
 e - a potion of resistance {unknown}
 f - 3 potions of haste
 h - a potion of heal wounds
 i - 3 potions of mutation
 j - 4 potions of invisibility
 q - 4 potions of curing
 r - 2 potions of cancellation
 v - 2 potions of lignification
 A - a potion of berserk rage {unknown}
 D - 2 potions of attraction {unknown}
 H - 2 potions of might {unknown}
 P - 3 potions of degeneration {unknown}
 S - 4 potions of enlightenment
 W - a potion of magic
Miscellaneous
 R - a box of beasts
 U - a lightning rod (4/4)


   Skills:
 + Level 0.7 Fighting
 + Level 0.3 Short Blades
 + Level 5.4 Dodging
 + Level 3.6 Stealth
 + Level 14.7 Spellcasting
 + Level 6.5 Conjurations
 + Level 11.7 Fire Magic


You had 28 spell levels left.
You knew the following spells:

 Your Spells              Type           Power      Damage    Failure   Level
a - Foxfire               Conj/Fire      100%       2x1d9     1%          1
b - Scorch                Fire           100%       2d9       1%          2
c - Volatile Blastmotes   Fire/Tloc      94%        2d17      1%          3
d - Flame Wave            Conj/Fire      59%        2d14      1%          4
e - Magic Dart            Conj           100%       1d8       1%          1

Your spell library contained the following spells:

 Spells                   Type           Power      Damage    Failure   Level
 Inner Flame              Hex/Fire       47%        N/A       1%          3
 Blink                    Tloc           36%        N/A       4%          2
 Call Imp                 Summ           36%        N/A       4%          2
 Frozen Ramparts          Ice            36%        1d6       9%          3
 Tukima's Dance           Hex            18%        N/A       9%          3
 Anguish                  Hex/Necr       9%         N/A       30%         4
 Cause Fear               Hex            9%         N/A       30%         4
 Leda's Liquefaction      Alch/Erth      9%         N/A       30%         4
 Passage of Golubria      Tloc           18%        N/A       30%         4
 Petrify                  Alch/Erth      18%        N/A       30%         4
 Metabolic Englaciation   Hex/Ice        9%         N/A       63%         5
 Yara's Violent Unravell  Hex/Alch       9%         3d6       63%         5
 Enfeeble                 Hex            9%         N/A       100%        7


Dungeon Overview and Level Annotations

Branches:
Dungeon (9/15)             Temple (1/1) D:7             Orc (0/2) D:9
Ossuary (visited)          Bailey (visited)
   Lair: D:8-11

Altars:
Ashenzari
Cheibriados
Elyvilon
Gozag
Hepliaklqana
Kikubaaqudgha
Makhleb
Nemelex Xobeh
Okawaru
Qazlal
Ru
Sif Muna
Trog
Uskayaw
Vehumet
Wu Jian
Xom
Yredelemnul
Zin
The Shining One

Shops:
D:3 [

Annotations:
D:6 3 runed translucent doors, lorenzova's ghost, novice DECj


Message History

The foxfire hits the orc warrior!
The orc warrior is moderately wounded.
Casting: Foxfire (safe; 1% risk of failure)
Confirm with . or Enter, or press ? or * to list all spells.
Flames lash the orc warrior.
The orc warrior is heavily wounded.
The orc warrior's fire resistance burns away.
The foxfire hits the orc warrior.
The orc warrior is burned terribly!
The orc warrior is severely wounded.
The foxfire hits the orc warrior but does no damage.
The orc warrior is severely wounded.
An orc comes into view. It is wielding a +0 short sword.
The orc priest calls upon Beogh to heal the orc warrior.
The orc warrior is healed somewhat.
Casting: Scorch (safe; 1% risk of failure)
Confirm with . or Enter, or press ? or * to list all spells.
You conjure some foxfire!
The orc priest looks satisfied for a moment.
The orc throws a stone.
The stone closely misses you.
The orc warrior unwields a +0 orcbow.
The orc warrior wields a +2 short sword of protection.
The orc warrior hits you with a +2 short sword of protection.
Casting: Foxfire (safe; 1% risk of failure)
Confirm with . or Enter, or press ? or * to list all spells.
Flames lash the orc warrior but do no damage.
The foxfire hits the orc warrior but does no damage.
The orc warrior is heavily wounded.
The foxfire hits the orc warrior but does no damage.
The orc warrior is heavily wounded.
The orc priest mumbles some strange prayers to Beogh against you.
Beogh smites you!
The orc throws a stone.
The stone barely misses you.
The orc warrior hits you with a +2 short sword of protection!
* * * LOW HITPOINT WARNING * * *
The orc priest invokes the aid of Beogh against you.
Beogh smites you!
* * * LOW HITPOINT WARNING * * *
The orc warrior unwields a +2 short sword of protection.
The orc warrior wields a +0 orcbow.
The orc warrior shoots an arrow.
The arrow hits you!
You die...

..........#..#.[...
.....o##.#....#.....
####.o.....#..#.....#
#....##....#...).#
#................#
######..##...##...##..#
#.....o....##.........#
#........##......###...
######@##.......## #...
#........### #..#
#..####### #..# #..#
#..# #..# #..# ####


You could see an orc warrior (combustible), an orc priest and an orc.

Vanquished Creatures
  Pikel (D:4)
  A kobold demonologist (D:9)
  A troll (D:9)
  2 hornets
  Grinder (D:5)
  Prince Ribbit (D:9)
  A wyvern (D:8)
  A wraith (D:8)
  12 yaks (D:8)
  A steam dragon (D:6)
  Edmund (D:5)
  Duvessa (D:7)
  2 water moccasins
  3 black bears
  6 orc warriors (Bailey)
  2 ice beasts
  A sky beast (D:6)
  2 lemures (D:4)
  A centaur (D:8)
  3 kobold brigands
  2 weeping skulls (Ossuary)
  A bullfrog (D:7)
  7 scorpions
  7 wights
  Dowan (D:7)
  7 killer bees
  A bombardier beetle (D:5)
  A centaur zombie (Ossuary)
  3 jellies
  2 human zombies (Ossuary)
  3 hounds
  7 orc priests
  2 iguanas
  A sleepcap (D:7)
  Ijyb (D:4)
  4 orc wizards
  2 mummies (Ossuary)
  A gnoll (Bailey)
  8 adders
  A shadow imp (D:5)
  A white imp (D:7)
  An adder zombie (Ossuary)
  2 ribbon worms
  A dart slug (D:3)
  31 orcs
  11 endoplasms
  3 giant cockroaches
  7 goblins
  6 hobgoblins
  6 quokkas
  9 ball pythons
  7 bats
  3 frilled lizards
  25 kobolds
  An orc zombie (Ossuary)
  10 rats
230 creatures vanquished.

Vanquished Creatures (others)
  A human (D:5)
  719 foxfires
720 creatures vanquished.

Grand Total: 950 creatures vanquished

Notes
Turn   | Place    | Note
-------+----------+-------------------------------------------
     0 | D:1      | funkygono the Deep Elf Fire Elementalist began the quest
                  | for the Orb.
     0 | D:1      | Reached XP level 1. HP: 10/10 MP: 6/6
   118 | D:1      | Reached XP level 2. HP: 15/15 MP: 2/8
   194 | D:1      | Learned a level 2 spell: Scorch
   202 | D:1      | Found a faded altar of an unknown god.
   605 | D:1      | Reached XP level 3. HP: 19/19 MP: 5/10
  1036 | D:2      | Learned a level 3 spell: Volatile Blastmotes
  1503 | D:2      | Reached skill level 4 in Spellcasting
  1705 | D:3      | Identified the maw talisman of Supple Strength {rElec rN+
                  | Dex-4 Stlth+}
  1719 | D:3      | Reached XP level 4. HP: 24/24 MP: 6/12
  2080 | D:3      | Found Odoveip's Antique Armour Shop.
  2336 | D:3      | Found a stormy altar of Qazlal.
  2336 | D:3      | Found a sparkling altar of Nemelex Xobeh.
  2652 | D:4      | Identified the +7 chain mail of the Morning {rN+ Will+
                  | Int+6}
  2668 | D:4      | Noticed Ijyb
  2679 | D:4      | Killed Ijyb
  2680 | D:4      | Reached skill level 5 in Spellcasting
  2680 | D:4      | Reached XP level 5. HP: 28/28 MP: 2/14
  2814 | D:4      | Noticed a lemure
  2831 | D:4      | Killed a lemure
  2880 | D:4      | Noticed Pikel
  2889 | D:4      | Noticed a lemure
  2911 | D:4      | Killed a lemure
  3006 | D:4      | Noticed a lemure
  3007 | D:4      | Killed Pikel
  3008 | D:4      | Reached skill level 7 in Spellcasting
  3008 | D:4      | Reached skill level 5 in Fire Magic
  3008 | D:4      | Reached XP level 6. HP: 19/32 MP: 2/18
  3008 | D:4      | Reached XP level 7. HP: 21/36 MP: 2/20
  3599 | D:4      | Learned a level 4 spell: Flame Wave
  3823 | D:5      | Entered Level 5 of the Dungeon
  3926 | D:5      | Found a sand-covered staircase.
  3986 | Ossuary  | Entered an ossuary
  3986 | Ossuary  | Found a huge runed translucent gate.
  3986 | Ossuary  | Found a huge runed translucent gate.
  3986 | Ossuary  | Found a huge runed translucent gate.
  3986 | Ossuary  | Found a huge runed translucent gate.
  3986 | Ossuary  | Found a huge runed translucent gate.
  3986 | Ossuary  | Found a huge runed translucent gate.
  3986 | Ossuary  | Found a huge runed translucent gate.
  3986 | Ossuary  | Found a huge runed translucent gate.
  3986 | Ossuary  | Found a huge runed translucent gate.
  3987 | Ossuary  | Found a huge runed translucent gate.
  3987 | Ossuary  | Found a huge runed translucent gate.
  3988 | Ossuary  | Found a huge runed translucent gate.
  3988 | Ossuary  | Found a huge runed translucent gate.
  3990 | Ossuary  | Found a huge runed translucent gate.
  3990 | Ossuary  | Found a huge runed translucent gate.
  4043 | Ossuary  | Found a huge runed translucent gate.
  4043 | Ossuary  | Found a huge runed translucent gate.
  4043 | Ossuary  | Found a huge runed translucent gate.
  4043 | Ossuary  | Found a huge runed translucent gate.
  4043 | Ossuary  | Found a huge runed translucent gate.
  4044 | Ossuary  | Found a huge runed translucent gate.
  4044 | Ossuary  | Found a huge runed translucent gate.
  4046 | Ossuary  | Found a huge runed translucent gate.
  4046 | Ossuary  | Found a huge runed translucent gate.
  4047 | Ossuary  | Found a huge runed translucent gate.
  4047 | Ossuary  | Found a huge runed translucent gate.
  4048 | Ossuary  | Found a huge runed translucent gate.
  4048 | Ossuary  | Found a huge runed translucent gate.
  4053 | Ossuary  | Found a huge runed translucent gate.
  4053 | Ossuary  | Found a huge runed translucent gate.
  4094 | Ossuary  | Found a huge runed translucent gate.
  4094 | Ossuary  | Found a huge runed translucent gate.
  4094 | Ossuary  | Found a huge runed translucent gate.
  4094 | Ossuary  | Found a huge runed translucent gate.
  4094 | Ossuary  | Found a huge runed translucent gate.
  4122 | Ossuary  | Reached skill level 8 in Spellcasting
  4405 | D:5      | Reached XP level 8. HP: 42/42 MP: 16/22
  4713 | D:5      | Reached skill level 9 in Spellcasting
  4787 | D:5      | Found an ancient bone altar of Kikubaaqudgha.
  4855 | D:5      | Noticed Edmund
  4864 | D:5      | Killed Edmund
  5384 | D:5      | Noticed Grinder
  5387 | D:5      | Paralysed by Grinder for 4 turns
  5392 | D:5      | Killed Grinder
  5393 | D:5      | Reached skill level 10 in Spellcasting
  5886 | D:6      | Reached XP level 9. HP: 37/46 MP: 16/25
  5959 | D:6      | Found a shimmering altar of Xom.
  6393 | D:6      | Found a runed translucent gate.
  6393 | D:6      | Noticed a gargoyle
  6393 | D:6      | Noticed lorenzova's ghost (novice DECj)
  6394 | D:6      | Found a runed translucent gate.
  6394 | D:6      | Found a runed translucent gate.
  6702 | D:6      | Paralysed by a hornet for 1 turns
  6711 | D:6      | Reached skill level 11 in Spellcasting
  7106 | D:7      | Noticed Duvessa
  7183 | D:7      | Killed Duvessa
  7184 | D:7      | Reached skill level 5 in Conjurations
  7184 | D:7      | Noticed Dowan
  7189 | D:7      | Killed Dowan
  7294 | D:7      | Reached skill level 12 in Spellcasting
  7591 | D:7      | Found a staircase to the Ecumenical Temple.
  7594 | D:7      | Reached skill level 10 in Fire Magic
  7598 | Temple   | Entered the Ecumenical Temple
  7689 | Temple   | Became a worshipper of Sif Muna the Loreminder
  7890 | D:7      | Reached skill level 5 in Dodging
  8011 | D:8      | Reached XP level 10. HP: 49/51 MP: 24/28
  8261 | D:8      | Reached skill level 13 in Spellcasting
  8667 | D:8      | Reached skill level 14 in Spellcasting
  8789 | D:8      | Found a white marble altar of Elyvilon.
  8935 | D:8      | Reached * piety under Sif Muna
  9095 | D:8      | Learned a level 1 spell: Magic Dart
  9114 | D:9      | Found a staircase to the Orcish Mines.
  9227 | D:9      | Found an ornate altar of the Wu Jian Council.
  9248 | D:9      | Noticed Prince Ribbit
  9252 | D:9      | Killed Prince Ribbit
  9368 | D:9      | Found a flagged portal.
  9376 | Bailey   | Entered a bailey
  9415 | Bailey   | Identified the +0 robe of the Good {^Drain rElec Int-2
                  | Slay+4 Stlth+}
  9561 | Bailey   | Reached ** piety under Sif Muna
  9610 | Bailey   | Reached XP level 11. HP: 50/55 MP: 25/31
 10061 | D:9      | Shot with an arrow by an orc warrior

Illustrated notes

Levels and vault maps discovered:
D:1:      giann_wishing_wells, layout_basic, shapermc_ecumenical_altar_pompeii
D:2:      layout_basic
D:3:      layout_rooms, nicolae_overflow_two_pavilions, serial_shops,
          nicolae_shop_trees
D:4:      layout_basic, nicolae_concentric_dashed_squares_wild,
          chequers_serial_rivers_small_3, solitary_fountain, item_on_display_a,
          uniq_ijyb, uniq_pikel
D:5:      minmay_skewed_foursquare, layout_basic, tgw_kikubaaqudgha,
          nicolae_ossuary_entry_false_entrances, portal_sewer_entry_f,
          uniq_grinder, uniq_edmund
D:6:      layout_loops_cross, mainiacjoe_overflow_small_starburst,
          gammafunk_ghost_split, minmay_misc_feat_columns
D:7:      layout_rooms, temple_doors_cd, uniq_duvessa
D:8:      layout_basic, mainiacjoe_overflow_alcove_2
D:9:      layout_small_grid, mainiacjoe_overflow_concentric_impassable,
          orc_0_dummy, enter_bailey_2, hangedman_decor_peaks_small,
          uniq_prince_ribbit1
Temple:   jpeg_temple_clearing

Skill      XL: |  1  2  3  4  5  6  7  8  9 10 |
---------------+-------------------------------+-----
Fire Magic     | 4 5 7 8 10 11 | 11.7
Spellcasting   | 4 5 7 8 10 12 14 | 14.7
Conjurations   | 2 3 4 5 6 |  6.5
Dodging        | 3 5 |  5.4
Stealth        | 3 |  3.6
Fighting       | |  0.7
Short Blades   | |  0.3

Action                     |  1- 3 |  4- 6 |  7- 9 | 10-12 || total
---------------------------+-------+-------+-------+-------++-------
  Melee: Dagger            |       |     1 |     7 |       ||     8
   Cast: Foxfire           |    70 |    49 |   175 |   115 ||   409
         Scorch            |     8 |    15 |    75 |    36 ||   134
         Flame Wave        |       |       |     6 |     7 ||    13
 Invoke: Channel Magic     |       |       |       |     1 ||     1
    Use: Potion            |       |       |     4 |       ||     4
         Scroll            |       |       |     6 |     1 ||     7
 Armour: Robe              |     4 |     7 |    83 |    30 ||   124
  Dodge: Dodged            |     5 |     2 |    96 |    23 ||   126

Table legend: (Time is in decaauts)
 A = Elapsed time spent in this place.
 B = Non-inter-level travel time spent in this place.
 C = Inter-level travel time spent in this place.
 D = Time resting spent in this place.
 E = Time spent auto-exploring this place.
 F = Levels seen in this place.
 G = Mean time per level.
                   A        B        C        D        E       F      G
               +--------+--------+--------+--------+--------+-----+--------+
         Total |  10052 |   9837 |    215 |    820 |   7115 |  12 |  837.7 |
       Dungeon |   9151 |   8961 |    190 |    709 |   6682 |   9 | 1016.8 |
        Temple |    115 |     91 |     24 |      0 |     58 |   1 |  115.0 |
       Ossuary |    287 |    287 |      0 |      0 |    224 |   1 |  287.0 |
        Bailey |    498 |    498 |      0 |    111 |    151 |   1 |  498.0 |
               +--------+--------+--------+--------+--------+-----+--------+

Top non-repeatable levels by time:
     D:5: 1748 daAuts
     D:4: 1425 daAuts
     D:6: 1287 daAuts
     D:8: 1129 daAuts
     D:1: 993 daAuts
     D:3: 809 daAuts
     D:7: 704 daAuts
     D:2: 594 daAuts
  Bailey: 498 daAuts
     D:9: 457 daAuts
 Ossuary: 287 daAuts
  Temple: 115 daAuts
